Map: Apotheosis LE

Players

Anty - Winner!

  • Race: Terran Terran
  • League: Silver

Gracz

  • Race: Protoss Protoss
  • League: Silver

VOD

Have the link to the VOD?

Description

Time

  • Played on: Oct. 23, 2016, 10:31 a.m.
  • Length: 20:01
Show
View Real Time Build Order
Export as new Build Order

Anty Terran - Winner!

Build Orders: Mech 

Get SALT Encoding   

  12  0:02  SCV  
  13  0:14  SCV  
  14  0:25  Supply Depot  
  14  0:26  SCV  
  15  0:47  SCV  
  15  0:49  Barracks  
  16  0:59  SCV  
  17  1:11  SCV  
  18  1:20  Unknown, Command Center  
  18  1:23  SCV  
  19  1:28  Refinery  
  19  1:33  Refinery  
  19  1:35  SCV  
  19  1:39  Marine  
  21  1:48  SCV  
  22  2:00  Orbital Command  
  22  2:03  Marine  
  23  2:24  Supply Depot  
  23  2:26  Supply Depot  
  23  2:31  Unknown  
  23  2:36  SCV x2  
  25  2:39  Marine  
  26  2:47  Engineering Bay  
  26  2:49  SCV x2  
  28  2:57  Barracks Tech Lab  
  28  3:06  Factory, SCV  
  29  3:12  Orbital Command  
  29  3:16  Marine  
  30  3:20  Combat Shields  
  30  3:24  SCV  
  31  3:42  SCV x2  
  31  3:43  Marine  
  34  3:56  Supply Depot  
  34  3:58  Factory Tech Lab  
  34  4:06  Factory  
  34  4:09  Factory  
  34  4:17  Marine  
  34  4:24  Siege Tank  
  37  4:34  Unknown, Command Center  
  37  4:35  SCV  
  37  4:36  SCV  
  39  4:43  Missile Turret  
  39  4:49  Missile Turret  
  39  5:09  Factory Tech Lab  
  39  5:10  Factory Reactor  
  39  5:12  Siege Tank  
  42  5:14  Marine  
  43  5:22  SCV  
  43  5:23  SCV  
  45  5:31  Siege Tank  
  45  5:32  Marine  
  45  5:34  SCV  
  45  5:35  SCV  
  51  5:45  Unknown  
  51  5:47  Armory, SCV x2  
  53  5:54  Siege Tank  
  56  5:59  SCV x2  
  58  6:12  Marine  
  59  6:19  Refinery  
  59  6:20  Refinery  
  59  6:30  Marine  
  60  6:36  Hellion x2  
  60  6:37  Hellion x2  
  68  6:47  Marine  
  68  6:52  Supply Depot  
  68  6:53  Supply Depot  
  69  6:58  Hellion x2, Siege Tank  
  76  7:06  Supply Depot  
  76  7:07  Supply Depot  
  76  7:11  Supply Depot, SCV  
  76  7:14  Siege Tank, SCV  
  81  7:17  Planetary Fortress  
  81  7:19  Hellion x2  
  85  7:24  Marine  
  86  7:30  Siege Tank  
  89  7:40  Hellion x2  
  89  7:41  Marine  
  89  7:42  SCV x2  
  96  7:46  Hellion  
  98  7:54  SCV  
  98  7:55  SCV x2  
  101  7:59  Marine  
  101  8:02  Hellion x2, Siege Tank  
  109  8:06  SCV  
  109  8:07  SCV x2  
  109  8:08  Hellion, Missile Turret  
  114  8:17  Marine  
  114  8:18  SCV  
  114  8:19  SCV  
  117  8:20  Infernal Pre-Igniter  
  117  8:22  Terran Vehicle Weapons Level 1  
  117  8:41  Supply Depot  
  117  8:43  Supply Depot x2  
  117  8:44  Supply Depot  
  117  8:45  Supply Depot  
  117  8:46  Supply Depot  
  117  8:51  Refinery  
  117  8:52  Refinery  
  125  9:02  Siege Tank, SCV  
  125  9:03  Hellion x2  
  125  9:04  Marine, Siege Tank, SCV  
  130  9:22  Marine  
  131  9:27  Hellion x2  
  135  9:35  SCV x2, Siege Tank  
  135  9:36  Siege Tank, SCV  
  144  9:40  Marine  
  145  9:48  Hellion x2  
  149  9:57  Marine  
  152  10:07  Hellion  
  152  10:08  Unknown, Command Center  
  152  10:15  Marine, Unknown, SCV x2, Command Center  
  152  10:16  Terran Vehicle And Ship Armor Level 1, SCV  
  156  10:27  SCV  
  156  10:28  SCV x2  
  159  10:33  Marine, Siege Tank  
  163  10:36  Hellion  
  165  10:50  Supply Depot  
  165  10:51  Supply Depot x2  
  165  10:53  Supply Depot  
  165  11:09  Marine, Siege Tank  
  165  11:10  Hellion, Siege Tank  
  174  11:20  Unknown  
  174  11:27  Planetary Fortress, Marine, Unknown  
  174  11:30  Planetary Fortress  
  175  11:37  Hellion x2  
  179  11:41  Siege Tank  
  179  11:42  Siege Tank  
  179  11:45  Marine  
  186  11:50  Missile Turret  
  186  11:59  Hellion x2  
  190  12:03  Marine  
  190  12:06  Missile Turret  
  191  12:10  Terran Vehicle Weapons Level 2  
  191  12:14  Hellion, Siege Tank  
  196  12:20  Hellion x2  
  161  13:15  Widow Mine x4  
  138  13:43  Widow Mine  
  138  13:44  Hellion  
  138  13:45  Hellion x2  
  146  14:06  Hellion x3  
  152  14:13  Hellion  
  152  14:14  Unknown, Command Center  
  154  14:18  Missile Turret  
  154  14:26  Widow Mine  
  154  14:27  Hellion, Widow Mine  
  160  14:33  Widow Mine  
  162  14:49  Hellion  
  164  14:55  Widow Mine x2  
  168  15:03  Hellion  
  152  15:10  Hellion  
  144  15:24  Hellion, Siege Tank x2  
  144  15:25  Unknown  
  140  15:31  Hellion  
  131  15:45  Hellion  
  133  15:52  Widow Mine  
  133  15:56  Siege Tank x2  
  132  16:06  Widow Mine  
  131  16:20  Widow Mine  
  133  16:28  Siege Tank x2  
  139  16:35  Hellion  
  131  16:50  Hellion  
  133  16:57  Hellion  
  133  17:00  Widow Mine x2  
  139  17:09  Factory  
  139  17:11  Hellion, Factory  
  139  17:12  Factory  
  141  17:18  Hellion  
  143  17:29  Siege Tank x2  
  149  17:33  Hellion  
  151  17:40  Hellion  
  153  17:54  Hellion  
  153  17:56  Factory Tech Lab  
  153  17:57  Factory Reactor, Factory Tech Lab  
  155  18:01  Hellion x3  
  161  18:22  Siege Tank  
  161  18:23  Siege Tank  
  161  18:25  Siege Tank x2  
  173  18:28  Hellion x2  
  173  18:34  Hellion  
  179  18:49  Hellion x2  
  179  18:55  Siege Tank x2  
  189  18:58  Hellion x2  
  193  19:11  Hellion x2  
  193  19:15  Hellion  
  196  19:27  Siege Tank  
Show
View Real Time Build Order
Export as new Build Order

Gracz Protoss 

Build Orders: Nexus First 

Get SALT Encoding   

  12  0:08  Probe (Chrono Boost)  
  13  0:19  Probe (Chrono Boost)  
  14  0:32  Pylon  
  14  0:54  Assimilator  
  14  1:03  Unknown, Nexus  
  14  1:14  Probe (Chrono Boost)  
  15  1:25  Pylon  
  15  1:32  Gateway  
  16  1:40  Probe (Chrono Boost)  
  16  1:49  Gateway  
  16  1:51  Probe (Chrono Boost)  
  17  2:00  Assimilator  
  17  2:01  Probe (Chrono Boost)  
  18  2:14  Unknown, Gateway  
  18  2:25  Probe x2 (Chrono Boost)  
  20  2:35  Probe (Chrono Boost)  
  20  2:36  Probe (Chrono Boost), Cybernetics Core  
  22  2:50  Probe x2 (Chrono Boost)  
  24  3:00  Probe (Chrono Boost)  
  24  3:01  Pylon  
  25  3:09  Probe (Chrono Boost), Warp Gate  
  25  3:10  Gateway  
  26  3:15  Pylon  
  26  3:29  Probe (Chrono Boost)  
  26  3:30  Probe (Chrono Boost)  
  28  3:40  Robotics Facility  
  28  3:48  Robotics Facility  
  28  3:55  Probe (Chrono Boost)  
  30  3:56  Probe (Chrono Boost)  
  30  4:03  Twilight Council  
  30  4:05  Probe (Chrono Boost)  
  31  4:32  Robotics Bay  
  31  4:33  Blink  
  31  4:39  Robotics Facility  
  31  4:40  Robotics Facility  
  31  4:48  Forge  
  31  4:56  Probe (Chrono Boost)  
  31  4:57  Probe (Chrono Boost)  
  33  5:08  Pylon  
  33  5:09  Probe (Chrono Boost)  
  34  5:17  Protoss Ground Weapons Level 1  
  34  5:18  Gateway  
  34  5:22  Gateway  
  34  5:27  Disruptor  
  34  5:31  Gateway  
  34  5:34  Probe (Chrono Boost)  
  39  5:35  Probe (Chrono Boost)  
  39  5:37  Assimilator  
  39  5:39  Assimilator  
  39  5:44  Pylon  
  39  5:49  Mothership Core (Chrono Boost)  
  42  5:50  Probe (Chrono Boost)  
  42  6:01  Gateway  
  42  6:21  Gateway  
  42  6:22  Gateway  
  42  6:24  Templar Archives  
  42  6:37  Unknown, Nexus  
  42  6:38  Probe x2 (Chrono Boost)  
  44  6:41  Pylon  
  44  6:44  Pylon  
  44  6:47  Immortal  
  44  6:50  Probe x2 (Chrono Boost)  
  50  7:00  Stalker x2  
  55  7:02  Probe (Chrono Boost)  
  55  7:14  Probe x2 (Chrono Boost)  
  57  7:16  Stalker x2  
  57  7:19  Sentry  
  57  7:21  Warp Prism  
  63  7:26  Probe x2 (Chrono Boost)  
  63  7:27  Observer  
  68  7:35  Disruptor  
  71  7:44  Probe x2 (Chrono Boost)  
  73  7:45  Stalker  
  73  7:48  Unknown  
  75  7:55  Immortal  
  75  7:56  Probe x2 (Chrono Boost)  
  81  8:00  Protoss Ground Armor Level 1  
  81  8:08  Probe (Chrono Boost)  
  81  8:11  Stalker x3  
  88  8:17  Stalker  
  90  8:37  Assimilator  
  90  8:38  Probe (Chrono Boost)  
  90  8:39  Assimilator, Probe (Chrono Boost)  
  90  8:40  Probe (Chrono Boost)  
  93  8:43  Stalker x4  
  93  8:44  Stalker x2  
  105  8:51  Probe (Chrono Boost)  
  106  8:59  Stalker  
  108  9:06  Pylon  
  108  9:09  Pylon  
  108  9:11  Pylon  
  108  9:14  Pylon  
  108  9:17  Pylon  
  108  9:20  Pylon  
  108  9:25  Colossus  
  108  9:27  Stalker x2  
  108  9:28  Immortal  
  108  9:29  Disruptor  
  125  9:39  Stalker x2  
  125  9:44  Stalker  
  131  9:55  Stalker x2  
  131  9:56  Stalker x2  
  139  10:16  Immortal  
  139  10:17  Immortal  
  143  10:25  Immortal x2  
  155  10:29  Stalker  
  157  10:37  Pylon  
  157  10:39  Pylon  
  157  10:41  Pylon  
  157  10:43  Pylon  
  157  10:46  Pylon  
  157  10:55  Protoss Ground Weapons Level 2  
  157  10:56  Warp Prism  
  159  11:09  Disruptor  
  162  11:25  Sentry  
  162  11:26  Sentry x4  
  162  11:27  Sentry  
  162  11:28  Stalker  
  162  11:29  Stalker  
  178  11:57  Extended Thermal Lance  
  178  12:11  Psionic Storm  
  178  12:23  High Templar x2  
  178  12:24  High Templar  
  78  13:33  Stalker x5  
  78  13:34  Stalker x3  
  79  13:35  Stalker  
  79  13:36  Stalker  
  79  13:41  Colossus x3  
  105  14:03  Stalker x3  
  105  14:05  Stalker x2  
  105  14:06  Unknown, Stalker x2, Nexus  
  105  14:07  Assimilator, Pylon, Stalker x2  
  105  14:08  Pylon  
  105  14:09  Assimilator, Pylon, Stalker  
  125  14:13  Pylon  
  125  14:19  Immortal  
  129  14:28  Stalker  
  129  14:30  Stalker  
  133  14:35  Immortal x2  
  141  14:45  Stalker  
  143  14:46  High Templar  
  90  15:17  Unknown  
  71  15:33  Stalker x2  
  71  15:34  Stalker x4  
  71  15:35  Stalker x2  
  69  15:44  Stalker x2  
  50  15:58  Colossus  
  50  15:59  Stalker  
  50  16:00  Stalker x2  
  50  16:01  Stalker  
  52  16:21  Stalker x3  
  52  16:22  Stalker  
  52  16:23  Zealot x3  
  52  16:24  Zealot  
  64  16:31  Stalker  
  50  16:53  Stalker  
  50  16:54  Stalker x2  
  52  16:56  Observer  
  55  17:08  Probe x2 (Chrono Boost)  
  57  17:49  Stalker x2  
  49  17:51  Stalker  
  49  17:52  Stalker  
  49  17:55  Stalker  
  55  18:17  Unknown, Nexus  
  55  18:26  Stalker  
  57  18:57  High Templar x3  
  57  18:58  High Templar x2  
  57  18:59  High Templar x2  
  71  19:04  Archon x3  
  68  19:15  Stalker  
  68  19:16  Stalker  
  56  19:28  Unknown  
  56  19:30  Stalker x4  
  46  19:37  Stalker  
  47  19:48  Stalker  
Tags
 
Add a new tag
Caveats
  • Supply blocks, unpowered buildings, or Contaminate may cause inaccurate times.
  • Supply counts are checked every 10 seconds.